[ PARTIDA AOE2 · #462672871 ]
Team RMGodos vs Malay
[ ANÁLISIS DE REPETICIÓN · EXTRAÍDO DE LA PARTIDA GRABADA ]
Feudal
15:22
Castillos
21:48
Imperial
—
| APM promedio | 18.0 |
| APM pico | 52 |
| eAPM promedio | 9.0 |
| Aldeanos / militares | 66 / 37 |
Foco
⚔️ 22.4% · 🌾 77.6%
Militia ×23 · Fishing Ship ×18 · Huskarl ×8 · Fire Galley ×6
Feudal
13:05
Castillos
23:40
Imperial
—
| APM promedio | 52.0 |
| APM pico | 82 |
| eAPM promedio | 31.6 |
| Aldeanos / militares | 113 / 67 |
Foco
⚔️ 23.3% · 🌾 76.7%
Militia ×54 · Fishing Ship ×29 · Unknown (2626) ×8 · Demolition Raft ×4 · Spearman ×3 · Fire Galley ×2
Feudal
13:51
Castillos
25:55
Imperial
—
| APM promedio | 23.6 |
| APM pico | 56 |
| eAPM promedio | 11.8 |
| Aldeanos / militares | 37 / 36 |
Foco
⚔️ 23.8% · 🌾 76.2%
Archer ×36 · Fishing Ship ×10 · Unknown (2626) ×5
Feudal
14:17
Castillos
18:53
Imperial
—
| APM promedio | 42.3 |
| APM pico | 118 |
| eAPM promedio | 12.6 |
| Aldeanos / militares | 53 / 6 |
Foco
⚔️ 30.4% · 🌾 69.6%
Battering Ram ×3 · Mangonel ×2 · Tarkan ×1
Mapa de la partida
Recursos al inicio + cada clic de construcción. Línea gruesa = muro · recuadro discontinuo = muro de casas detectado. 🟡 oro · ⚪ piedra · 🟢 bayas · 🔶 jabalí · ⭕ reliquia
Terreno con sombreado de elevación (luz NO: claro = ladera hacia el noroeste) · ⚠ = hueco de muro detectado
Inputs por minuto
— [ECU] fUnebrero92 - - Bisashiggy
Build order — [ECU] fUnebrero92
Primeras 150 de 177 acciones detectadas
| 0:23 | Construir | Dock |
| 0:37 | Construir | Town Center |
| 2:08 | Construir | House |
| 2:52 | Crear | Villager (Male) |
| 2:53 | Crear | Villager (Male) |
| 2:53 | Crear | Villager (Male) |
| 2:53 | Crear | Villager (Male) |
| 2:53 | Crear | Villager (Male) |
| 3:52 | Crear | Villager (Male) |
| 3:57 | Crear | Fishing Ship |
| 4:26 | Construir | House |
| 4:52 | Crear | Fishing Ship |
| 5:01 | Investigar | Loom |
| 5:26 | Crear | Fishing Ship |
| 5:35 | Crear | Villager (Male) |
| 5:54 | Construir | House |
| 6:34 | Crear | Villager (Male) |
| 6:38 | Crear | Fishing Ship |
| 6:59 | Crear | Villager (Male) |
| 7:06 | Crear | Fishing Ship |
| 7:21 | Crear | Fishing Ship |
| 7:28 | Crear | Villager (Male) |
| 7:54 | Crear | Fishing Ship |
| 8:01 | Construir | House |
| 8:04 | Crear | Villager (Male) |
| 8:35 | Construir | Mill |
| 8:46 | Crear | Villager (Male) |
| 8:46 | Crear | Villager (Male) |
| 8:55 | Construir | Lumber Camp |
| 9:02 | Crear | Villager (Male) |
| 9:21 | Crear | Fishing Ship |
| 9:31 | Construir | House |
| 9:34 | Crear | Villager (Male) |
| 9:34 | Crear | Villager (Male) |
| 10:17 | Construir | Dock |
| 10:56 | Crear | Villager (Male) |
| 10:56 | Crear | Villager (Male) |
| 10:56 | Crear | Villager (Male) |
| 10:57 | Crear | Villager (Male) |
| 10:57 | Crear | Villager (Male) |
| 11:05 | Crear | Fishing Ship |
| 11:05 | Crear | Fishing Ship |
| 11:25 | Construir | House |
| 11:52 | Crear | Fishing Ship |
| 11:52 | Crear | Fishing Ship |
| 11:56 | Crear | Fishing Ship |
| 11:56 | Crear | Fishing Ship |
| 12:39 | Crear | Villager (Male) |
| 12:39 | Crear | Villager (Male) |
| 12:44 | Construir | House |
| 13:13 | Investigar | Feudal Age |
| 13:13 | Investigar | Feudal Age |
| 13:32 | Construir | Dock |
| 13:37 | Crear | Fishing Ship |
| 13:37 | Crear | Fishing Ship |
| 13:41 | Crear | Fishing Ship |
| 13:41 | Crear | Fishing Ship |
| 14:03 | Construir | House |
| 14:04 | Construir | House |
| 14:23 | Construir | Mining Camp |
| 14:45 | Crear | Villager (Male) |
| 14:45 | Crear | Villager (Male) |
| 14:46 | Crear | Villager (Male) |
| 15:22 | Edad | Edad Feudal |
| 15:28 | Crear | Fire Galley |
| 15:33 | Crear | Villager (Male) |
| 15:33 | Crear | Villager (Male) |
| 15:34 | Crear | Villager (Male) |
| 15:42 | Crear | Fire Galley |
| 16:09 | Crear | Fire Galley |
| 16:42 | Crear | Fire Galley |
| 16:47 | Crear | Fire Galley |
| 16:51 | Crear | Fire Galley |
| 17:03 | Investigar | Gold Mining |
| 17:34 | Construir | Market |
| 17:42 | Crear | Villager (Male) |
| 17:43 | Crear | Villager (Male) |
| 17:43 | Crear | Villager (Male) |
| 18:28 | Construir | Blacksmith |
| 18:56 | Investigar | Castle Age |
| 18:56 | Investigar | Castle Age |
| 19:38 | Construir | Mining Camp |
| 19:53 | Investigar | Horse Collar |
| 20:23 | Investigar | Stone Mining |
| 20:27 | Investigar | Double-Bit Axe |
| 21:36 | Construir | Barracks |
| 21:41 | Investigar | Scale Barding Armor |
| 21:48 | Edad | Edad de los Castillos |
| 21:52 | Crear | Villager (Male) |
| 21:52 | Crear | Villager (Male) |
| 21:52 | Crear | Villager (Male) |
| 21:52 | Crear | Villager (Male) |
| 22:22 | Crear | Militia |
| 23:34 | Construir | Castle |
| 23:38 | Crear | Villager (Male) |
| 23:39 | Crear | Villager (Male) |
| 23:39 | Crear | Villager (Male) |
| 23:39 | Crear | Villager (Male) |
| 23:39 | Crear | Villager (Male) |
| 24:26 | Investigar | Scale Mail Armor |
| 24:27 | Investigar | Forging |
| 24:50 | Crear | Huskarl |
| 25:32 | Construir | Castle |
| 25:36 | Crear | Villager (Male) |
| 25:37 | Crear | Villager (Male) |
| 25:37 | Crear | Villager (Male) |
| 25:58 | Construir | Castle |
| 26:12 | Investigar | Chain Mail Armor |
| 26:34 | Construir | Town Center |
| 26:45 | Crear | Villager (Male) |
| 27:34 | Construir | Lumber Camp |
| 27:43 | Construir | Mill |
| 27:52 | Construir | Farm |
| 27:54 | Construir | Farm |
| 27:55 | Construir | Farm |
| 27:57 | Construir | Farm |
| 27:58 | Construir | Farm |
| 28:05 | Construir | Farm |
| 28:09 | Crear | Villager (Male) |
| 28:09 | Crear | Villager (Male) |
| 28:09 | Crear | Villager (Male) |
| 28:41 | Construir | Farm |
| 28:42 | Construir | Farm |
| 28:45 | Crear | Villager (Male) |
| 29:31 | Construir | Barracks |
| 29:43 | Investigar | Man-at-Arms (upgrade) |
| 29:45 | Investigar | Squires |
| 29:54 | Crear | Villager (Male) |
| 29:56 | Crear | Villager (Male) |
| 29:57 | Crear | Villager (Male) |
| 29:58 | Crear | Villager (Male) |
| 30:08 | Crear | Militia |
| 30:08 | Crear | Militia |
| 30:09 | Crear | Militia |
| 30:27 | Construir | Barracks |
| 30:31 | Crear | Villager (Male) |
| 30:31 | Crear | Villager (Male) |
| 30:32 | Crear | Villager (Male) |
| 30:55 | Crear | Villager (Male) |
| 30:55 | Crear | Villager (Male) |
| 30:55 | Crear | Villager (Male) |
| 30:55 | Crear | Villager (Male) |
| 30:59 | Investigar | Long Swordsman (upgrade) |
| 31:02 | Crear | Militia |
| 31:02 | Crear | Militia |
| 31:04 | Crear | Militia |
| 31:05 | Crear | Militia |
| 31:09 | Investigar | Long Swordsman (upgrade) |
| 31:42 | Investigar | Heavy Plow |
| 32:00 | Crear | Militia |
Build order — Bisashiggy
Primeras 150 de 333 acciones detectadas
| 0:10 | Construir | House |
| 0:12 | Construir | House |
| 0:29 | Construir | Town Center |
| 2:32 | Crear | Villager (Male) |
| 2:32 | Crear | Villager (Male) |
| 2:32 | Crear | Villager (Male) |
| 2:32 | Crear | Villager (Male) |
| 2:54 | Construir | Dock |
| 4:09 | Investigar | Loom |
| 4:12 | Crear | Fishing Ship |
| 5:09 | Crear | Fishing Ship |
| 5:11 | Crear | Villager (Male) |
| 5:21 | Crear | Villager (Male) |
| 5:21 | Crear | Villager (Male) |
| 6:19 | Crear | Fishing Ship |
| 6:22 | Construir | House |
| 6:36 | Crear | Villager (Male) |
| 7:11 | Crear | Villager (Male) |
| 7:14 | Crear | Villager (Male) |
| 7:15 | Crear | Villager (Male) |
| 7:27 | Crear | Fishing Ship |
| 7:52 | Construir | House |
| 8:00 | Crear | Villager (Male) |
| 8:29 | Crear | Fishing Ship |
| 8:29 | Crear | Fishing Ship |
| 8:47 | Crear | Villager (Male) |
| 8:47 | Crear | Villager (Male) |
| 8:58 | Crear | Villager (Male) |
| 9:00 | Crear | Villager (Male) |
| 9:00 | Crear | Villager (Male) |
| 9:06 | Crear | Fishing Ship |
| 9:11 | Crear | Villager (Male) |
| 9:46 | Crear | Villager (Male) |
| 9:52 | Construir | Lumber Camp |
| 10:07 | Crear | Villager (Male) |
| 10:09 | Crear | Villager (Male) |
| 10:09 | Crear | Villager (Male) |
| 10:20 | Construir | House |
| 10:36 | Crear | Villager (Male) |
| 10:40 | Construir | House |
| 10:47 | Construir | House |
| 11:05 | Crear | Villager (Male) |
| 11:18 | Crear | Fishing Ship |
| 11:30 | Investigar | Feudal Age |
| 12:09 | Crear | Villager (Male) |
| 12:13 | Construir | Barracks |
| 12:43 | Crear | Villager (Male) |
| 13:05 | Edad | Edad Feudal |
| 13:08 | Crear | Fire Galley |
| 13:12 | Construir | Dock |
| 13:20 | Investigar | Double-Bit Axe |
| 13:25 | Investigar | Man-at-Arms (upgrade) |
| 13:25 | Crear | Militia |
| 13:27 | Construir | House |
| 13:29 | Construir | Palisade Wall |
| 13:44 | Construir | Mill |
| 13:52 | Crear | Villager (Male) |
| 14:00 | Crear | Fire Galley |
| 14:16 | Crear | Villager (Male) |
| 14:22 | Crear | Fishing Ship |
| 14:27 | Crear | Fishing Ship |
| 14:38 | Crear | Villager (Male) |
| 14:39 | Crear | Villager (Male) |
| 14:44 | Crear | Fishing Ship |
| 15:06 | Crear | Villager (Male) |
| 15:15 | Crear | Villager (Male) |
| 15:20 | Crear | Demolition Raft |
| 15:28 | Crear | Fishing Ship |
| 15:31 | Crear | Fishing Ship |
| 15:33 | Crear | Villager (Male) |
| 15:33 | Crear | Villager (Male) |
| 15:54 | Construir | Dock |
| 16:03 | Crear | Fishing Ship |
| 16:05 | Crear | Fishing Ship |
| 16:12 | Construir | House |
| 16:12 | Construir | House |
| 16:12 | Construir | House |
| 16:12 | Construir | House |
| 16:17 | Crear | Villager (Male) |
| 16:18 | Crear | Villager (Male) |
| 16:28 | Construir | House |
| 16:41 | Construir | House |
| 16:42 | Construir | House |
| 16:48 | Crear | Unit 2626 |
| 16:48 | Crear | Unit 2626 |
| 17:04 | Construir | House |
| 17:06 | Construir | House |
| 17:08 | Crear | Militia |
| 17:10 | Crear | Villager (Male) |
| 17:27 | Crear | Unit 2626 |
| 17:27 | Crear | Unit 2626 |
| 17:38 | Crear | Militia |
| 17:39 | Crear | Villager (Male) |
| 17:46 | Construir | Barracks |
| 17:52 | Crear | Villager (Male) |
| 17:54 | Crear | Villager (Male) |
| 17:54 | Crear | Villager (Male) |
| 18:30 | Crear | Villager (Male) |
| 18:30 | Crear | Villager (Male) |
| 18:34 | Crear | Militia |
| 18:34 | Crear | Militia |
| 18:40 | Construir | Blacksmith |
| 18:42 | Construir | House |
| 18:45 | Investigar | Horse Collar |
| 18:46 | Crear | Villager (Male) |
| 18:51 | Construir | Market |
| 18:54 | Crear | Villager (Male) |
| 19:07 | Crear | Militia |
| 19:07 | Crear | Militia |
| 19:08 | Crear | Villager (Male) |
| 19:56 | Crear | Villager (Male) |
| 20:01 | Crear | Militia |
| 20:01 | Crear | Militia |
| 20:22 | Crear | Militia |
| 20:23 | Crear | Militia |
| 20:23 | Crear | Villager (Male) |
| 20:23 | Crear | Villager (Male) |
| 20:27 | Construir | Barracks |
| 20:54 | Crear | Villager (Male) |
| 20:55 | Crear | Villager (Male) |
| 21:01 | Crear | Fishing Ship |
| 21:01 | Crear | Fishing Ship |
| 21:02 | Crear | Fishing Ship |
| 21:05 | Crear | Fishing Ship |
| 21:05 | Crear | Fishing Ship |
| 21:10 | Crear | Unit 2626 |
| 21:10 | Crear | Unit 2626 |
| 21:20 | Crear | Militia |
| 21:20 | Crear | Militia |
| 21:20 | Crear | Militia |
| 21:33 | Construir | House |
| 21:34 | Construir | House |
| 21:36 | Investigar | Forging |
| 21:55 | Investigar | Castle Age |
| 22:14 | Crear | Militia |
| 22:14 | Crear | Militia |
| 22:14 | Crear | Militia |
| 22:14 | Crear | Militia |
| 22:14 | Crear | Militia |
| 22:21 | Crear | Villager (Male) |
| 22:23 | Construir | House |
| 22:40 | Crear | Militia |
| 22:41 | Investigar | Arson |
| 22:46 | Construir | House |
| 22:48 | Construir | House |
| 22:53 | Crear | Fishing Ship |
| 22:54 | Crear | Fishing Ship |
| 22:54 | Crear | Fishing Ship |
| 23:04 | Construir | House |
| 23:06 | Construir | House |
Build order — hbrandstaetter
147 acciones detectadas en el replay
| 0:06 | Construir | House |
| 0:07 | Construir | House |
| 1:29 | Construir | Town Center |
| 1:50 | Construir | Dock |
| 3:35 | Crear | Villager (Male) |
| 3:35 | Crear | Villager (Male) |
| 3:36 | Crear | Villager (Male) |
| 3:36 | Crear | Villager (Male) |
| 3:36 | Crear | Villager (Male) |
| 5:22 | Crear | Villager (Male) |
| 5:23 | Crear | Villager (Male) |
| 6:00 | Crear | Villager (Male) |
| 6:35 | Crear | Fishing Ship |
| 6:36 | Crear | Villager (Male) |
| 7:37 | Crear | Villager (Male) |
| 7:39 | Crear | Fishing Ship |
| 7:39 | Crear | Fishing Ship |
| 8:02 | Construir | House |
| 8:04 | Construir | House |
| 8:14 | Crear | Villager (Male) |
| 8:16 | Crear | Villager (Male) |
| 8:57 | Crear | Fishing Ship |
| 9:04 | Crear | Villager (Male) |
| 9:36 | Construir | Mill |
| 10:04 | Crear | Fishing Ship |
| 10:53 | Construir | Lumber Camp |
| 11:07 | Crear | Fishing Ship |
| 11:41 | Investigar | Feudal Age |
| 11:57 | Construir | House |
| 12:23 | Construir | Barracks |
| 12:31 | Investigar | Loom |
| 12:31 | Crear | Villager (Male) |
| 12:32 | Crear | Villager (Male) |
| 12:32 | Crear | Villager (Male) |
| 12:33 | Crear | Villager (Male) |
| 13:05 | Construir | Mining Camp |
| 13:51 | Edad | Edad Feudal |
| 13:57 | Investigar | Double-Bit Axe |
| 14:08 | Construir | Archery Range |
| 14:59 | Construir | Blacksmith |
| 15:16 | Crear | Archer |
| 15:17 | Crear | Archer |
| 15:18 | Crear | Archer |
| 15:31 | Construir | House |
| 15:36 | Construir | House |
| 15:49 | Crear | Villager (Male) |
| 15:49 | Crear | Villager (Male) |
| 15:57 | Crear | Unit 2626 |
| 16:09 | Crear | Unit 2626 |
| 16:27 | Construir | Farm |
| 16:30 | Crear | Villager (Male) |
| 16:30 | Crear | Villager (Male) |
| 16:52 | Construir | Mill |
| 16:55 | Crear | Villager (Male) |
| 16:57 | Crear | Archer |
| 17:02 | Investigar | Fletching |
| 17:03 | Investigar | Padded Archer Armor |
| 17:15 | Crear | Unit 2626 |
| 18:03 | Crear | Unit 2626 |
| 18:33 | Crear | Unit 2626 |
| 18:46 | Construir | House |
| 18:47 | Construir | House |
| 18:48 | Construir | House |
| 18:53 | Crear | Archer |
| 18:54 | Crear | Archer |
| 20:38 | Construir | House |
| 20:38 | Construir | House |
| 20:56 | Construir | Market |
| 21:12 | Crear | Archer |
| 21:13 | Crear | Archer |
| 22:40 | Construir | Town Center |
| 23:15 | Investigar | Castle Age |
| 23:31 | Crear | Villager (Male) |
| 23:32 | Crear | Villager (Male) |
| 23:32 | Crear | Villager (Male) |
| 23:33 | Crear | Villager (Male) |
| 23:40 | Crear | Fishing Ship |
| 23:41 | Crear | Fishing Ship |
| 23:42 | Crear | Fishing Ship |
| 23:42 | Crear | Fishing Ship |
| 23:47 | Crear | Archer |
| 23:48 | Crear | Archer |
| 23:55 | Construir | Archery Range |
| 25:49 | Construir | Mining Camp |
| 25:55 | Edad | Edad de los Castillos |
| 25:59 | Investigar | Crossbowman (upgrade) |
| 26:00 | Investigar | Thumb Ring |
| 26:38 | Construir | Town Center |
| 26:45 | Crear | Archer |
| 26:45 | Crear | Archer |
| 26:46 | Crear | Archer |
| 26:46 | Crear | Archer |
| 26:46 | Crear | Archer |
| 26:47 | Crear | Archer |
| 26:52 | Crear | Villager (Male) |
| 26:52 | Crear | Villager (Male) |
| 27:10 | Investigar | Gold Mining |
| 27:27 | Crear | Archer |
| 27:27 | Crear | Archer |
| 27:27 | Crear | Archer |
| 27:28 | Crear | Archer |
| 27:34 | Construir | House |
| 27:35 | Construir | House |
| 27:36 | Construir | House |
| 27:37 | Construir | House |
| 27:42 | Construir | House |
| 27:43 | Construir | House |
| 27:44 | Construir | House |
| 27:52 | Construir | Lumber Camp |
| 28:39 | Investigar | Bodkin Arrow |
| 29:25 | Crear | Villager (Male) |
| 29:25 | Crear | Villager (Male) |
| 29:26 | Crear | Villager (Male) |
| 29:26 | Crear | Villager (Male) |
| 29:51 | Construir | Farm |
| 29:54 | Construir | Farm |
| 30:01 | Construir | Farm |
| 30:03 | Construir | Farm |
| 30:06 | Construir | Farm |
| 30:07 | Crear | Villager (Male) |
| 30:08 | Crear | Villager (Male) |
| 31:11 | Investigar | Leather Archer Armor |
| 31:12 | Crear | Archer |
| 31:13 | Crear | Archer |
| 31:13 | Crear | Archer |
| 31:13 | Crear | Archer |
| 31:13 | Crear | Archer |
| 31:14 | Crear | Archer |
| 31:17 | Crear | Villager (Male) |
| 31:22 | Construir | Farm |
| 31:25 | Construir | Farm |
| 31:27 | Construir | Farm |
| 31:30 | Construir | Farm |
| 31:34 | Construir | Farm |
| 31:37 | Crear | Villager (Male) |
| 31:41 | Crear | Villager (Male) |
| 32:07 | Crear | Archer |
| 32:07 | Crear | Archer |
| 32:08 | Crear | Archer |
| 32:08 | Crear | Archer |
| 32:56 | Crear | Archer |
| 32:56 | Crear | Archer |
| 32:56 | Crear | Archer |
| 32:56 | Crear | Archer |
| 32:57 | Crear | Archer |
| 32:57 | Crear | Archer |
| 33:14 | Construir | Archery Range |
Build order — Gushy
81 acciones detectadas en el replay
| 1:23 | Construir | Town Center |
| 3:02 | Crear | Villager (Male) |
| 3:02 | Crear | Villager (Male) |
| 3:02 | Crear | Villager (Male) |
| 3:02 | Crear | Villager (Male) |
| 4:24 | Crear | Villager (Male) |
| 4:49 | Crear | Villager (Male) |
| 4:49 | Crear | Villager (Male) |
| 5:06 | Crear | Villager (Male) |
| 5:07 | Crear | Villager (Male) |
| 6:06 | Crear | Villager (Male) |
| 6:06 | Crear | Villager (Male) |
| 6:07 | Crear | Villager (Male) |
| 6:20 | Crear | Villager (Male) |
| 6:20 | Crear | Villager (Male) |
| 6:40 | Crear | Villager (Male) |
| 6:40 | Crear | Villager (Male) |
| 8:10 | Crear | Villager (Male) |
| 8:10 | Crear | Villager (Male) |
| 8:11 | Crear | Villager (Male) |
| 8:51 | Crear | Villager (Male) |
| 9:26 | Investigar | Loom |
| 9:58 | Crear | Villager (Male) |
| 10:15 | Crear | Villager (Male) |
| 10:23 | Crear | Villager (Male) |
| 10:51 | Crear | Villager (Male) |
| 11:14 | Crear | Villager (Male) |
| 11:18 | Construir | Lumber Camp |
| 11:27 | Crear | Villager (Male) |
| 11:39 | Construir | Mill |
| 12:07 | Investigar | Feudal Age |
| 13:15 | Construir | Mining Camp |
| 14:05 | Crear | Villager (Male) |
| 14:17 | Edad | Edad Feudal |
| 14:20 | Construir | Blacksmith |
| 14:24 | Construir | Market |
| 14:28 | Crear | Villager (Male) |
| 15:03 | Crear | Villager (Male) |
| 15:35 | Crear | Villager (Male) |
| 16:13 | Investigar | Castle Age |
| 18:20 | Construir | Watch Tower |
| 18:53 | Edad | Edad de los Castillos |
| 19:07 | Construir | Castle |
| 20:07 | Crear | Villager (Male) |
| 20:07 | Crear | Villager (Male) |
| 21:02 | Crear | Villager (Male) |
| 21:03 | Crear | Villager (Male) |
| 22:28 | Crear | Villager (Male) |
| 22:28 | Crear | Villager (Male) |
| 22:57 | Construir | Siege Workshop |
| 23:22 | Crear | Villager (Male) |
| 23:39 | Crear | Tarkan |
| 23:54 | Crear | Villager (Male) |
| 23:59 | Crear | Battering Ram |
| 24:37 | Construir | Farm |
| 24:39 | Construir | Farm |
| 25:23 | Construir | Farm |
| 25:25 | Crear | Villager (Male) |
| 26:45 | Crear | Mangonel |
| 27:09 | Construir | Town Center |
| 27:13 | Crear | Villager (Male) |
| 27:13 | Crear | Villager (Male) |
| 27:34 | Crear | Villager (Male) |
| 27:42 | Crear | Battering Ram |
| 27:52 | Crear | Mangonel |
| 28:08 | Construir | Farm |
| 28:15 | Construir | Farm |
| 28:17 | Crear | Villager (Male) |
| 29:56 | Crear | Villager (Male) |
| 30:50 | Crear | Battering Ram |
| 31:02 | Crear | Villager (Male) |
| 31:16 | Crear | Villager (Male) |
| 31:17 | Crear | Villager (Male) |
| 31:37 | Construir | Castle |
| 31:44 | Crear | Villager (Male) |
| 31:44 | Crear | Villager (Male) |
| 31:50 | Construir | Farm |
| 31:54 | Crear | Villager (Male) |
| 32:49 | Crear | Villager (Male) |
| 32:49 | Crear | Villager (Male) |
| 33:11 | Crear | Villager (Male) |
Cronología de la partida
| 0:23 | [ECU] fUnebrero92 · first_building Dock |
| 1:50 | hbrandstaetter · first_building Dock |
| 2:54 | Bisashiggy · first_building Dock |
| 12:13 | Bisashiggy · first_building Barracks |
| 12:23 | hbrandstaetter · first_building Barracks |
| 13:05 | Bisashiggy · age_up feudal |
| 13:29 | Bisashiggy · wall_segment Palisade Wall x10 |
| 13:51 | hbrandstaetter · age_up feudal |
| 14:08 | hbrandstaetter · first_building Archery Range |
| 14:17 | Gushy · age_up feudal |
| 15:22 | [ECU] fUnebrero92 · age_up feudal |
| 18:53 | Gushy · age_up castle |
| 18:56 | Gushy · first_market_sell 100 food |
| 18:58 | Gushy · first_market_buy 100 stone |
| 19:07 | Gushy · first_building Castle |
| 21:36 | [ECU] fUnebrero92 · first_building Barracks |
| 21:39 | Bisashiggy · first_market_buy 100 food |
| 21:40 | Bisashiggy · first_market_sell 100 stone |
| 21:48 | [ECU] fUnebrero92 · age_up castle |
| 22:46 | [ECU] fUnebrero92 · tribute_sent a jugador 1 |
| 22:46 | [ECU] fUnebrero92 · tribute_sent a jugador 3 |
| 22:46 | [ECU] fUnebrero92 · tribute_sent a jugador 4 |
| 22:57 | Gushy · first_building Siege Workshop |
| 23:34 | [ECU] fUnebrero92 · first_building Castle |
| 23:40 | Bisashiggy · age_up castle |
| 24:04 | Bisashiggy · first_building Siege Workshop |
| 25:22 | hbrandstaetter · first_market_buy 100 food |
| 25:55 | hbrandstaetter · age_up castle |
| 26:29 | Bisashiggy · tribute_sent a jugador 2 |
| 26:29 | Bisashiggy · tribute_sent a jugador 3 |
| 26:29 | Bisashiggy · tribute_sent a jugador 4 |
| 26:42 | Bisashiggy · tribute_sent a jugador 2 |
| 26:42 | Bisashiggy · tribute_sent a jugador 3 |
| 26:42 | Bisashiggy · tribute_sent a jugador 4 |
| 28:03 | Bisashiggy · first_building Monastery |
| 28:12 | Bisashiggy · tribute_sent a jugador 2 |
| 28:12 | Bisashiggy · tribute_sent a jugador 3 |
| 28:12 | Bisashiggy · tribute_sent a jugador 4 |
| 32:56 | Bisashiggy · tribute_sent a jugador 2 |
| 32:56 | Bisashiggy · tribute_sent a jugador 3 |
| 32:56 | Bisashiggy · tribute_sent a jugador 4 |
| 33:48 | Gushy · resign |
[ ANÁLISIS IA · 1 CRÉDITO ]
¿Qué pasó realmente en esta partida?
Wolo.gg analiza cada decisión: build order, eco, micro, errores típicos por bracket. Análisis personalizado por WhatsApp o Discord en 30 segundos.
Guía civ
Godos
Guía mapa
Nomad
Perfil
[ECU] fUnebrero92